 Dungeon Crawl Stone Soup version 0.17-a0-1984-g55f5988 (webtiles) character file.

527 Lysie the Nimble (level 7, -1/32 HPs)
             Began as a Spriggan Enchanter on Oct 6, 2015.
             Killed by divine providence
             ... invoked by an orc priest
              (11 damage)
             ... on level 4 of the Dungeon.
             The game lasted 00:09:42 (4277 turns).

Lysie the Nimble (Spriggan Enchanter)               Turns: 4277, Time: 00:09:42

Health: -1/32      AC:  3    Str:  6    XL:     7   Next: 3%
Magic:  2/12       EV: 24    Int: 17    God:
Gold:   177        SH:  0    Dex: 16    Spells: 3 memorised, 5 levels left

rFire  . . .     SeeInvis +     r - +2 dagger (venom)
rCold  . . .     Clarity  .     b - +1 robe
rNeg   . . .     SustAt   .     (shield restricted)
rPois  .         Gourm    .     (helmet restricted)
rElec  .         Spirit   .     (no cloak)
rCorr  .         Warding  .     (gloves unavailable)
rMut   .         Stasis   .     (boots unavailable)
MR     +....                    (no amulet)
Stlth  +++.......               (no ring)
                                (no ring)

@: very slightly contaminated, very quick, somewhat resistant to hostile
enchantments, fairly stealthy
A: unfitting armour, see invisible, herbivore 3, speed 3, slow metabolism 2
a: no special abilities


You were on level 4 of the Dungeon.
You were not hungry.

You visited 1 branch of the dungeon, and saw 4 of its levels.

You collected 177 gold pieces.

Inventory:

Hand Weapons
 a - a +1 dagger
 r - a +2 dagger of venom (weapon)
Armour
 b - a +1 robe (worn)
Jewellery
 k - a +5 ring of evasion {unknown}
Scrolls
 e - 2 scrolls of amnesia {unknown}
 f - a scroll of enchant weapon {unknown}
 g - 2 scrolls of recharging {unknown}
 j - 3 scrolls of blinking {unknown}
 l - 2 scrolls of identify {unknown}
 n - a scroll of magic mapping {unknown}
 o - a scroll of remove curse {unknown}
 p - a scroll of fear {unknown}
 q - a scroll of noise {unknown}
 s - a scroll of teleportation {unknown}
Potions
 h - 3 potions of agility
 i - 3 potions of curing {unknown}
 m - 2 potions of invisibility {unknown}
 t - a potion of flight {unknown}
 u - a potion of lignification {unknown}
Books
 c - a book of Maledictions

   Spells                             Type                      Level
   a - Corona                         Hexes                        1
   b - Ensorcelled Hibernation        Hexes/Ice                    2
   c - Confuse                        Hexes                        3
   d - Tukima's Dance                 Hexes                        3
   e - Dazzling Spray                 Conjuration/Hexes            3
Comestibles
 d - 2 bread rations


   Skills:
 * Level 5.2 Short Blades
 + Level 8.7 Dodging
 - Level 4.4 Stealth
 - Level 2.6 Spellcasting
 - Level 3.6 Hexes


You had 5 spell levels left.
You knew the following spells:

 Your Spells              Type           Power        Failure   Level  Hunger
a - Corona                Hex            ##.....      4%          1    #......
b - Ensorcelled Hibernat  Hex/Ice        #.....       17%         2    ##.....
c - Dazzling Spray        Conj/Hex       #.......     30%         3    ###....


Dungeon Overview and Level Annotations

Branches:
Dungeon (4/15)
 Temple: D:4-7

Altars:

Annotations:
D:4 Duvessa


Innate Abilities, Weirdness & Mutations

You are tiny and cannot use many weapons and most armour.
You have supernaturally acute eyesight.
You are a herbivore.
You cover ground extremely quickly.
You need consume almost no food.


Message History

Confirm with . or Enter, or press ? or * to list all spells.
Aiming: Dazzling Spray
Press: ? - help, Shift-Dir - straight line, f/p - orc wizard
Aim: an orc wizard, wielding a dagger and wearing a robe (almost dead, fast, slightly transparent)
The spray of energy hits the orc wizard.
You kill the orc wizard!
You have reached level 7!
The spray of energy hits the ogre.
The ogre is severely wounded.
The spray of energy hits the orc.
The orc is severely wounded.
The orc is dazzled.
The orc priest calls down the wrath of Beogh upon you.
Something smites you!
* * * LOW HITPOINT WARNING * * *
A giant newt comes into view.
Found 11 gold pieces.
The orc priest calls down the wrath of Beogh upon you.
Something smites you!
You die...

##...<......# ##..)).....#
..##### #$.# #.##)##..###
........# #..# #...)..#...######
l.......####..###.......##.......
.........................).......
........####..###.......##.......
........####O.##..)..............
......(.#...o...@...#######......
.........oJ.......### #......
................#)###### #..####
....#o...####...#.#....## ##.#
...o..J#.##....##........ ..
.#%....#.##....##......##


ggg ...............##).##### .)....................... !...............#.#######
You could see an ogre, an orc priest, an ooze and an orc.

Vanquished Creatures
  Sigmund (D:2)
  Blork the orc (D:4)
  A hound (D:4)
  2 orc priests
  An orc wizard (D:4)
  Robin (D:3)
  7 adders
  An ooze (D:2)
  A worm (D:2)
  A giant gecko (D:2)
  9 orcs
  A ball python (D:1)
  5 bats
  4 giant cockroaches
  15 goblins
  13 hobgoblins
  9 jackals
  13 kobolds
  2 quokkas
  A giant newt (D:3)
  8 rats
97 creatures vanquished.

Vanquished Creatures (others)
  An orc (D:4)
1 creature vanquished.

Grand Total: 98 creatures vanquished

Notes
Turn   | Place    | Note
--------------------------------------------------------------
     0 | D:1      | Lysie the Spriggan Enchanter began the quest for the Orb.
     0 | D:1      | Reached XP level 1. HP: 9/9 MP: 5/5
   377 | D:1      | Reached XP level 2. HP: 13/13 MP: 6/6
   391 | D:1      | Learned a level 2 spell: Ensorcelled Hibernation
  1216 | D:1      | Reached XP level 3. HP: 16/16 MP: 8/8
  1592 | D:2      | Noticed Sigmund
  1604 | D:2      | Killed Sigmund
  1604 | D:2      | Reached skill level 6 in Dodging
  1604 | D:2      | Reached XP level 4. HP: 21/21 MP: 9/9
  1604 | D:2      | Reached XP level 5. HP: 24/24 MP: 10/10
  2086 | D:2      | Reached skill level 7 in Dodging
  2347 | D:3      | Reached XP level 6. HP: 14/28 MP: 2/11
  3335 | D:4      | Noticed Robin
  3352 | D:3      | Learned a level 3 spell: Dazzling Spray
  3384 | D:3      | Killed Robin
  3384 | D:3      | Reached skill level 8 in Dodging
  3761 | D:4      | Noticed Blork the orc
  3882 | D:4      | Killed Blork the orc
  3889 | D:4      | Reached skill level 5 in Short Blades
  4257 | D:4      | Noticed Duvessa
  4262 | D:4      | Reached XP level 7. HP: 16/32 MP: 0/12
  4277 | D:4      | Killed from afar by an orc priest

Vault maps used:
D:1:      shiori_arrival_maze
D:2:      dk_noncrumbling_2, uniq_sigmund
D:3:      first_bread
D:4:      overflow_temple_1_default, hangedman_abyss_or_decor_jellyfish_corner,
          uniq_duvessa, uniq_robin, uniq_blork_the_orc

Action                   |  1- 3 |  4- 6 |  7- 9 || total
-------------------------+-------+-------+-------++-------
Melee: Dagger            |   132 |   144 |       ||   276
 Cast: Ensorcelled Hiber |     6 |    17 |       ||    23
       Dazzling Spray    |       |     6 |     1 ||     7
 Stab: Sleeping          |    11 |    25 |       ||    36
       Distracted        |       |     1 |       ||     1
       Invisible         |       |     1 |       ||     1
  Eat: Bread ration      |       |     1 |       ||     1
